 Dungeon Crawl Stone Soup version 0.23.2-33-g5129a83184 (webtiles) character file.

Game seed: 7295128284968204764

1368 FishyPogo the Vandal (level 8, -6/60 HPs)
             Began as a Formicid Hunter on July 27, 2019.
             Engulfed by a cloud of flame (20 damage)
             ... on level 5 of the Dungeon.
             The game lasted 00:51:43 (5998 turns).

FishyPogo the Vandal (Formicid Hunter)              Turns: 5998, Time: 00:51:43

Health: -6/60      AC:  9    Str: 18    XL:     8   Next: 97%
Magic:  0/11       EV: 12    Int: 11    God:
Gold:   249        SH:  0    Dex: 14    Spells: 9/11 levels left

rFire    . . .     SeeInvis +   b - +0 long sword
rCold    . . .     Gourm    .   (no shield)
rNeg     . . .     Faith    .   t - +1 ring mail
rPois    .         Spirit   +   (helmet unavailable)
rElec    .         Reflect  .   u - +0 cloak
rCorr    .         Harm     .   (no gloves)
MR       +....                  A - +0 pair of boots
Stlth    ++........             c - amulet of guardian spirit
HPRegen  0.20/turn              m - +2 ring of dexterity
MPRegen  0.12/turn              x - ring of protection from magic

@: lethally poisoned (-6 -> -18)
A: permanent stasis, dig shafts and tunnels, four strong arms, antennae 3
a: Dig, Shaft Self


You were on level 5 of the Dungeon.
You were not hungry.

You visited 1 branch of the dungeon, and saw 6 of its levels.

You collected 249 gold pieces.

Inventory:

Hand Weapons
 a - a +2 hunting sling of velocity
 b - a +0 long sword (weapon)
 z - a +1 whip of flaming
 F - a +1 hunting sling
Missiles
 d - 43 sling bullets
 n - 4 large rocks
 o - 305 stones (quivered)
Armour
 t - a +1 ring mail (worn)
 u - a +0 cloak (worn)
 A - a +0 pair of boots (worn)
 C - a +0 chain mail
Jewellery
 c - an amulet of guardian spirit (around neck)
 m - a +2 ring of dexterity (left hand)
 x - a ring of protection from magic (right hand)
Wands
 j - a wand of acid (7)
Scrolls
 e - 5 scrolls of identify
 g - a scroll of random uselessness {unknown}
 p - a scroll of enchant armour
 q - a scroll of fear {unknown}
 r - a scroll of magic mapping {unknown}
 v - a scroll of enchant weapon {unknown}
 w - a scroll of amnesia
 y - a scroll of blinking {unknown}
 D - a scroll of fog {unknown}
Potions
 h - a potion of heal wounds {unknown}
 i - 2 potions of flight
 s - a potion of haste {unknown}
 B - 2 potions of curing
 E - a potion of invisibility
Comestibles
 f - 8 rations
 k - 8 chunks of flesh


   Skills:
 + Level 4.0 Fighting
 * Level 3.5 Long Blades
 * Level 6.4(6.8) Slings
 + Level 2.7(4.6) Throwing
 + Level 3.3 Armour
 * Level 3.8 Dodging
 + Level 4.3 Stealth
 + Level 2.3 Spellcasting
 + Level 3.2 Hexes


You had 9 spell levels left.
You knew the following spells:

 Your Spells              Type           Power        Failure   Level  Hunger
a - Slow                  Hex            #.......     19%         2    ###....

Your spell library contained the following spells:

 Spells                   Type           Power        Failure   Level  Hunger
 Magic Dart               Conj           #...         43%         1    ##.....
 Call Imp                 Summ           #.......     58%         2    ###....
 Conjure Flame            Conj/Fire      #.......     82%         3    ####...
 Mephitic Cloud           Conj/Pois/Air  #.......     82%         3    ####...
 Blink                    Tloc           Unusable     N/A         2    N/A

Dungeon Overview and Level Annotations

Branches:
Dungeon (6/15)
 Temple: D:4-7

Altars:
Uskayaw
Xom

Annotations:
D:5 Saltbearer's ghost, novice MiFi


Innate Abilities, Weirdness & Mutations

You cannot be hasted, slowed, berserked, paralysed or teleported.
You can dig through walls and to a lower floor.
Your four strong arms can wield two-handed weapons with a shield.
You have a pair of large antennae on your head. (SInv)


Message History

You feel sick.
The kobold shoots a poisoned needle.
The poisoned needle hits you!
You are more poisoned.
Saltbearer's ghost hits you but does no damage.
As you read the scroll labeled XIKIAG KECAGAS, it crumbles to dust.
The creatures around you are filled with an inner flame!
It was a scroll of immolation.
You feel sick. Saltbearer's ghost closely misses you.
You riposte.
You hit Saltbearer's ghost but do no damage.
Saltbearer's ghost is lightly damaged.
You slash the kobold!
The kobold explodes!
The fiery explosion engulfs you!!
* * * LOW HITPOINT WARNING * * *
The fiery explosion engulfs Saltbearer's ghost!!
Saltbearer's ghost is heavily damaged.
The fiery explosion engulfs the big kobold!!
The big kobold is almost dead.
You are engulfed in blazing flames.
You die...

#..#.##........#....###
##..#.#.#.......#.#.....
##...............#.##....
#..#.%.........÷....###..
##............÷÷...<#....
##(.....##.....#........
#.......#(.#.##.......#
###...§§§..#...........
#####@)§.......[......
##P8.##WK......###.##..
#.....#K)......#....#.#
#$.###KK......#........#
#%.....K..#...####......
..###.'.###### #.....)
#.....#.# #.......
##P8.##.# ##..##..
#####..# #... ...


You could see 2 big kobolds, Saltbearer's ghost (inner flame) and 3 kobolds.

Vanquished Creatures
  Pikel (D:3)
  4 slaves (D:4)
  An ice beast (D:6)
  An ogre (D:4)
  6 big kobolds (D:4)
  An iguana (D:4)
  3 orc wizards
  A worker ant (D:4)
  Robin (D:4)
  3 gnolls
  6 adders
  An ooze (D:1)
  3 worms
  2 dart slugs
  4 leopard geckos
  6 orcs
  4 bats
  3 giant cockroaches
  14 goblins
  7 hobgoblins
  4 jackals
  54 kobolds
  A ball python skeleton (D:4)
  5 frilled lizards (D:1)
  6 rats
142 creatures vanquished.

Vanquished Creatures (others)
  A fungus (D:5)
  A plant (D:5)
2 creatures vanquished.

Grand Total: 144 creatures vanquished

Notes
Turn   | Place    | Note
-------+----------+-------------------------------------------
     0 | D:1      | FishyPogo the Formicid Hunter began the quest for the Orb.
     0 | D:1      | Reached XP level 1. HP: 16/16 MP: 1/1
    89 | D:1      | You fall through a shaft!
   239 | D:1      | Reached XP level 2. HP: 7/22 MP: 2/2
   488 | D:1      | Reached skill level 1 in Armour
   628 | D:1      | Reached XP level 3. HP: 26/28 MP: 3/3
  1182 | D:2      | Found a shimmering altar of Xom.
  1187 | D:2      | Found a shimmering altar of Xom.
  1188 | D:2      | Found a shimmering altar of Xom.
  1189 | D:2      | Found a shimmering altar of Xom.
  1189 | D:2      | Found a shimmering altar of Xom.
  1190 | D:2      | Found a shimmering altar of Xom.
  1226 | D:2      | Reached XP level 4. HP: 34/34 MP: 4/4
  1906 | D:3      | Learned a level 2 spell: Slow
  2354 | D:4      | Reached XP level 5. HP: 39/39 MP: 5/5
  2388 | D:4      | Found a hide-covered altar of Uskayaw.
  2537 | D:4      | Reached skill level 5 in Slings
  2537 | D:4      | Reached skill level 1 in Throwing
  2759 | D:4      | Noticed a slave
  2759 | D:4      | Noticed a slave
  2759 | D:4      | Noticed a slave
  2793 | D:4      | Killed a slave
  3047 | D:4      | Noticed a slave
  3060 | D:4      | Noticed Pikel
  3128 | D:4      | Noticed a big kobold
  3217 | D:4      | Killed a slave
  3253 | D:3      | Killed Pikel
  3253 | D:3      | Reached skill level 1 in Spellcasting
  3253 | D:3      | Reached XP level 6. HP: 19/47 MP: 2/8
  3253 | D:3      | Reached XP level 7. HP: 21/52 MP: 2/9
  4274 | D:4      | Reached XP level 8. HP: 16/58 MP: 5/10
  4542 | D:4      | You fall through a shaft for 2 floors!
  4564 | D:6      | Reached skill level 6 in Slings
  4584 | D:5      | Entered Level 5 of the Dungeon
  4899 | D:4      | Noticed Robin
  4913 | D:4      | Killed Robin
  5866 | D:5      | Found a runed translucent gate.
  5873 | D:5      | Found a runed translucent gate.
  5874 | D:5      | Noticed Saltbearer's ghost (novice MiFi)
  5876 | D:5      | Found a runed translucent gate.
  5998 | D:5      | Engulfed by a cloud of flame

Skill      XL: |  1  2  3  4  5  6  7  8 |
---------------+-------------------------+-----
Armour         | 1 2 3 |  3.3
Stealth        | 2 3 4 |  4.3
Dodging        | 2 3 |  3.8
Slings         | 5 6 |  6.4
Throwing       | 1 2 |  2.7
Fighting       | 3 4 |  4.0
Long Blades    | 2 3 |  3.5
Spellcasting   | 1 2 |  2.3
Hexes          | 2 3 |  3.2

Action                   |  1- 3 |  4- 6 |  7- 9 || total
-------------------------+-------+-------+-------++-------
Melee: Short sword       |    50 |    16 |       ||    66
       Long sword        |       |    33 |   300 ||   333
 Fire: Hunting sling     |    48 |   127 |    42 ||   217
Throw: Throwing net      |       |     1 |       ||     1
       Stone             |       |       |     9 ||     9
 Cast: Slow              |       |       |     3 ||     3
 Abil: Dig               |     4 |     1 |       ||     5
       Shaft Self        |     1 |       |     1 ||     2
  Use: Scroll            |     3 |     2 |     1 ||     6
       Potion            |     1 |     2 |     2 ||     5
 Stab: Invisible         |       |     1 |       ||     1
       Held in net/web   |       |     1 |       ||     1
  Eat: Chunk             |     4 |     5 |     8 ||    17
       Ration            |       |       |     1 ||     1
Armor: Leather armour    |    11 |       |       ||    11
       Ring mail         |     4 |    47 |   138 ||   189
Dodge: Dodged            |    36 |    56 |   211 ||   303
       Rpst.: Long sword |       |     4 |    71 ||    75
